 Dungeon Crawl Stone Soup version 0.30.0-29-ga12c61a403 (webtiles) character file.

Game seed: 7029121075723845463

1318 cheesebisquit the Trooper (level 8, -2/71 HPs)
             Began as a Ghoul Brigand on June 6, 2023.
             Slain by Edmund
             ... wielding a +6 antimagic flail
              (14 damage)
             ... on level 5 of the Dungeon.
             The game lasted 00:26:28 (5946 turns).

cheesebisquit the Trooper (Ghoul Brigand)           Turns: 5946, Time: 00:26:29

Health: -2/71      AC: 12    Str: 15    XL:     8   Next: 59%
Magic:  0/7        EV:  7    Int:  6    God:
Gold:   5          SH:  0    Dex: 12    Spells: 7/7 levels left

rFire   + . .        m - +4 short sword (speed)
rCold   + . .        (no shield)
rNeg    + + +        E - +0 chain mail {rF+}
rPois   ∞            p - +2 hat
rElec   .            c - +0 cloak
rCorr   .            (no gloves)
SInv    .            (no boots)
Will    .....        l - amulet of magic regeneration Stlth
                     (no ring)
HPRegen 0.00/turn    (no ring)
MPRegen 0.50/turn

%: no passive effects
@: about to teleport, inhibited regen
A: claws 1, cold resistance 1, negative energy resistance 3, inhibited
regeneration, torment resistance 2, devour on kill
a: no special abilities


You were on level 5 of the Dungeon.
You visited 1 branch of the dungeon, and saw 6 of its levels.

You collected 200 gold pieces.
You spent 195 gold pieces at shops.

Inventory:

Hand Weapons
 a - a +2 dagger
 g - a +0 whip of draining
 m - a +4 short sword of speed (weapon)
 w - a +2 dagger of venom
Missiles
 b - 7 poisoned darts (quivered)
 e - 3 curare-tipped darts
 n - 7 javelins
 t - 7 boomerangs
Armour
 c - a +0 cloak (worn)
 p - a +2 hat (worn)
 E - a +0 chain mail of fire resistance (worn)
Jewellery
 l - an amulet of magic regeneration (around neck)
Wands
 d - a wand of digging (3)
 x - a wand of flame (22)
 D - a wand of paralysis (7)
Scrolls
 o - a scroll of teleportation
 q - a scroll of noise {unknown}
 r - 2 scrolls of fog
 u - a scroll of fear {unknown}
 v - a scroll of brand weapon {unknown}
 y - a scroll of amnesia {unknown}
 B - 2 scrolls of vulnerability
 C - a scroll of poison {unknown}
Potions
 h - a potion of attraction
 i - 3 potions of brilliance
 j - 2 potions of cancellation
 k - 2 potions of flight {unknown}
 s - a potion of lignification {unknown}
 z - a potion of ambrosia {unknown}
 A - 2 potions of mutation


   Skills:
 * Level 6.3 Fighting
 * Level 5.2 Short Blades
 * Level 5.2 Throwing
 + Level 3.0 Armour
 - Level 0.8 Dodging
 - Level 4.3 Stealth


You had 7 spell levels left.
You didn't know any spells.
Your spell library contained the following spells:

 Spells                   Type           Power      Damage    Failure   Level
 Blink                    Tloc           0%         N/A       100%        2
 Lesser Beckoning         Tloc           0%         N/A       100%        2
 Momentum Strike          Conj/Tloc      0%         3d8       100%        2


Dungeon Overview and Level Annotations

Branches:
Dungeon (6/15)
 Temple: D:4-7

Altars:
Trog

Shops:
D:3 ?   D:4 *   D:5 (

Annotations:
D:5 Edmund
D:6 Menkaure


Innate Abilities, Weirdness & Mutations

You are immune to poison.
You have sharp fingernails.
Your flesh is cold resistant. (rC+)
You are immune to negative energy. (rN+++)
You do not regenerate when monsters are visible.
You are immune to unholy pain and torment.
You thrive by killing the living.


Message History

You hit Edmund but do no damage.
Edmund is heavily wounded.
Edmund closely misses you.
You barely miss Edmund.
Edmund is heavily wounded.
You hit Edmund but do no damage.
Edmund is heavily wounded.
Edmund hits you but does no damage.
You hit Edmund but do no damage.
Edmund is heavily wounded.
You hit Edmund.
Edmund is severely wounded.
Edmund hits you with a +6 antimagic flail!
You feel your power leaking away.
You hit Edmund but do no damage.
Edmund is severely wounded.
You hit Edmund.
Edmund is severely wounded.
Edmund says, "People think my brother is the best.
I think he's crazy."
Edmund hits you with a +6 antimagic flail!
You feel your power leaking away.
You hit Edmund but do no damage.
Edmund is severely wounded.
You barely miss Edmund.
Edmund is severely wounded.
Edmund hits you with a +6 antimagic flail!
* * * LOW HITPOINT WARNING * * *
You hit Edmund.
Edmund is almost dead.
You hit Edmund but do no damage.
Edmund is almost dead.
Edmund hits you with a +6 antimagic flail.
* * * LOW HITPOINT WARNING * * *
You feel your power leaking away.
You barely miss Edmund.
Edmund is almost dead.
As you read the scroll of teleportation, it crumbles to dust.
You feel strangely unstable.
Edmund hits you with a +6 antimagic flail!
You die...

###### ##....###
####..#....###**
##......#......,****
#####..#..#@@.#,,,*,,,,**
#.......#...#...#,,,**,,*
##.##[.#...#...#...#,,**,**
#####...[#...#...#...#..,*,,,,*
.......#..)#...#...#.,,#,,,*,,*
#####....#...#...#..,*,,,*,,,,*
##.....#...#...#...#.,,*,,,*,,*
...###...#...#...#,,.#,,,*,,,,*
#### #.#...#...#,,,*,,,*,,,*,,*


You could see Edmund.

Vanquished Creatures
  Sigmund (D:4)
  A wyvern (D:4)
  2 water moccasins
  An ice beast (D:5)
  A centaur (D:5)
  2 scorpions
  A howler monkey (D:4)
  2 hounds (D:5)
  2 orc priests
  A jelly (D:5)
  An iguana (D:4)
  4 orc wizards
  5 adders
  2 ufetubi (D:4)
  3 worms
  3 dart slugs
  23 orcs
  9 ball pythons
  8 endoplasms
  4 giant cockroaches
  4 goblins
  9 hobgoblins
  3 quokkas
  6 bats
  5 frilled lizards
  7 kobolds
  8 rats
118 creatures vanquished.

Notes
Turn   | Place    | Note
-------+----------+-------------------------------------------
     0 | D:1      | cheesebisquit the Ghoul Brigand began the quest for the
                  | Orb.
     0 | D:1      | Reached XP level 1. HP: 17/17 MP: 0/0
   123 | D:1      | Reached XP level 2. HP: 25/25 MP: 1/1
   814 | D:1      | Reached XP level 3. HP: 30/30 MP: 2/2
  1056 | D:2      | Reached skill level 3 in Fighting
  1178 | D:2      | You fall into a shaft and drop 1 floor!
  1539 | D:3      | Reached XP level 4. HP: 38/38 MP: 3/3
  1567 | D:3      | Found Kohaw's Magic Scroll Shoppe.
  1577 | D:3      | Bought a scroll of identify for 26 gold pieces
  1778 | D:2      | Found a faded altar of an unknown god.
  1778 | D:2      | Noticed a chaos spawn
  2464 | D:3      | Found a bloodstained altar of Trog.
  2653 | D:4      | Noticed Sigmund
  2671 | D:4      | Killed Sigmund
  2672 | D:4      | Reached skill level 4 in Fighting
  2672 | D:4      | Reached skill level 1 in Armour
  2672 | D:4      | Reached XP level 5. HP: 27/46 MP: 4/4
  2672 | D:4      | Reached XP level 6. HP: 30/52 MP: 5/5
  3017 | D:3      | Bought a scroll of identify for 26 gold pieces
  3017 | D:3      | Bought a scroll of identify for 26 gold pieces
  3383 | D:3      | Reached XP level 7. HP: 48/60 MP: 6/6
  3759 | D:4      | Found Hoaf's Serpentskin Sales.
  3783 | D:4      | Reached skill level 5 in Fighting
  3856 | D:5      | Entered Level 5 of the Dungeon
  3946 | D:5      | Noticed a wyvern
  3985 | D:4      | Killed a wyvern
  4137 | D:5      | Reached XP level 8. HP: 67/70 MP: 7/7
  4312 | D:5      | Found Pukokhlirch's Firing Range.
  4356 | D:5      | Reached skill level 6 in Fighting
  4356 | D:5      | Reached skill level 5 in Short Blades
  4356 | D:5      | Reached skill level 5 in Throwing
  4687 | D:3      | Bought a scroll of identify for 26 gold pieces
  5440 | D:3      | Bought a scroll of teleportation for 39 gold pieces
  5440 | D:3      | Bought a scroll of fog for 52 gold pieces
  5533 | D:6      | Noticed Edmund
  5533 | D:6      | Noticed Menkaure
  5946 | D:5      | Slain by Edmund

Illustrated notes

Levels and vault maps discovered:
D:1:      mrwooster_arrival_statue_3, layout_basic,
          minmay_misc_feat_more_columns, minmay_pentomino_t4
D:2:      layout_loops_ring, dreamdust_ecumenical_altar_sealed_demon,
          minmay_distorted
D:3:      minmay_evil_eye, layout_basic, old_standard_altar, serial_shops,
          shop_statue
D:4:      layout_loops_ring, guppyfry_shop_venom, uniq_sigmund
D:5:      layout_rooms, tso_oasis_becter, hex_large, grunt_ministairs_14,
          nicolae_shop_firing_range
D:6:      layout_gridville, grunt_temple_overflow_magic_moments,
          nicolae_uskayaw_en_pointe, minmay_temple_entry_fiery,
          gammafunk_ghost_smash, uniq_edmund, uniq_menkaure

Skill      XL: |  1  2  3  4  5  6  7  8 |
---------------+-------------------------+-----
Short Blades   | 2 3 4 5 |  5.2
Throwing       | 2 3 4 5 |  5.2
Fighting       | 3 4 5 6 |  6.3
Armour         | 1 2 3 |  3.0
Dodging        | |  0.8
Stealth        | |  4.3

Action                     |  1- 3 |  4- 6 |  7- 9 || total
---------------------------+-------+-------+-------++-------
  Melee: Dagger            |    84 |    71 |       ||   155
         Short sword       |       |    51 |   300 ||   351
         Punch             |       |     2 |     2 ||     4
  Throw: Dart              |    52 |     7 |    16 ||    75
         Javelin           |       |       |     1 ||     1
    Use: Scroll            |       |     7 |     5 ||    12
         Potion            |       |       |     3 ||     3
   Stab: Sleeping          |     5 |    14 |     1 ||    20
 Armour: Robe              |    10 |       |       ||    10
         Leather armour    |     1 |    15 |       ||    16
         Ring mail         |       |    14 |    74 ||    88
         Chain mail        |       |       |     8 ||     8
  Dodge: Dodged            |    26 |    27 |    82 ||   135
